 Dungeon Crawl Stone Soup version 0.26-a0-784-g51bffae0b1 (webtiles) character file.

Game seed: 816216968736565042

6 Kinoniko the Grasshopper (level 2, -1/19 HPs)
             Began as a Halfling Warper on Nov 10, 2020.
             Slain by a hobgoblin
             ... wielding a +0 club
              (5 damage)
             ... on level 1 of the Dungeon.
             The game lasted 00:00:42 (104 turns).

Kinoniko the Grasshopper (Halfling Warper)           Turns: 104, Time: 00:00:42

Health: -1/19      AC:  3    Str: 12    XL:     2   Next: 0%
Magic:  4/4        EV: 14    Int: 11    God:
Gold:   0          SH:  0    Dex: 13    Spells: 4/4 levels left

rFire    . . .     SeeInvis .   a - +0 hand axe
rCold    . . .     Faith    .   (shield restricted)
rNeg     . . .     Spirit   .   b - +0 leather armour
rPois    .         Reflect  .   (no helmet)
rElec    .         Harm     .   (no cloak)
rCorr    .         Rampage  .   (no gloves)
MR       .....                  (no boots)
Stlth    +.........             (no amulet)
HPRegen  0.06/turn              (no ring)
MPRegen  0.09/turn              (no ring)

@: no status effects
A: small, mutation resistance 1
a: no special abilities


You were on level 1 of the Dungeon.
You visited 1 branch of the dungeon, and saw 1 of its levels.

Inventory:

Hand Weapons
 a - a +0 hand axe (weapon)
Missiles
 e - 5 boomerangs of dispersal (quivered)
Armour
 b - a +0 leather armour (worn)
Scrolls
 c - a scroll of teleportation {unknown}
 d - a scroll of blinking


   Skills:
 + Level 1.9 Fighting
 * Level 2.2 Axes
 - Level 1.0 Throwing
 - Level 1.1 Armour
 - Level 2.1 Dodging
 * Level 1.7 Spellcasting
   Level 3.2 Translocations


You had 4 spell levels left.
You didn't know any spells.
Your spell library contained the following spells:

 Spells                   Type           Power        Failure   Level
 Blink                    Tloc           N/A          16%         2
 Gell's Gravitas          Tloc           #.........   30%         3
 Lesser Beckoning         Tloc           #.........   30%         3
 Teleport Other           Tloc           #.......     30%         3
 Passage of Golubria      Tloc           N/A          69%         4


Dungeon Overview and Level Annotations

Branches:
Dungeon (1/15)

Altars:


Innate Abilities, Weirdness & Mutations

You are small and have problems with some larger weapons.
You are somewhat resistant to further mutation.


Message History

* * * LOW HITPOINT WARNING * * *
The ooze closely misses you. The hobgoblin closely misses you.
You hit the ooze.
The ooze is almost dead.
You hit the plant. You closely miss the hobgoblin.
A nearby plant withers and dies.
The ooze jiggles.
The ooze closely misses you. The hobgoblin completely misses you.
You barely miss the ooze.
The ooze is almost dead.
You hit the hobgoblin. The ooze barely misses you.
The hobgoblin closely misses you.
You hit the ooze.
You kill the ooze!
You have reached level 2!
You barely miss the hobgoblin. The hobgoblin closely misses you.
You closely miss the hobgoblin.
The hobgoblin is severely wounded.
The hobgoblin hits you with a +0 club.
You die...

............##.......#
.....##.........####.#
.....
#.........####.###
..........#.......
..........#.......
########.##..P..
#..#..P♣ ##.#g..♣
#.@...♣ #.....♣
#PP♣.♣♣ #..♣.♣ ##.. ♣
#(. #... ###.


You could see a hobgoblin.

Vanquished Creatures
  An ooze (D:1)
  A giant cockroach (D:1)
2 creatures vanquished.

Vanquished Creatures (others)
  A plant (D:1)
1 creature vanquished.

Grand Total: 3 creatures vanquished

Notes
Turn   | Place    | Note
-------+----------+-------------------------------------------
     0 | D:1      | Kinoniko the Halfling Warper began the quest for the Orb.
     0 | D:1      | Reached XP level 1. HP: 14/14 MP: 3/3
   103 | D:1      | Reached XP level 2. HP: 4/19 MP: 4/4
   104 | D:1      | Slain by a hobgoblin

Illustrated notes

Levels and vault maps discovered:
D:1:      dpeg_arrival_stonehenge_8_columns, layout_basic, serial_forest,
          infiniplex_forest_clump_double, infiniplex_forest_lined_ring,
          infiniplex_forest_clump_large, infiniplex_forest_lined_corner,
          infiniplex_forest_clump_cross, infiniplex_forest_clump_long,
          infiniplex_forest_end_2

Action                   || total
-------------------------++-------
Melee: Hand axe          ||    10
Armor: Leather armour    ||     1
Dodge: Dodged            ||    10

Table legend: (Time is in decaauts)
 A = Elapsed time spent in this place.
 B = Non-inter-level travel time spent in this place.
 C = Inter-level travel time spent in this place.
 D = Time resting spent in this place.
 E = Time spent auto-exploring this place.
 F = Levels seen in this place.
 G = Mean time per level.
                   A        B        C        D        E       F      G
               +--------+--------+--------+--------+--------+-----+--------+
         Total |    105 |    105 |      0 |      0 |     89 |   1 |  105.0 |
       Dungeon |    105 |    105 |      0 |      0 |     89 |   1 |  105.0 |
               +--------+--------+--------+--------+--------+-----+--------+

Top non-repeatable levels by time:
     D:1: 105 daAuts
